 Dungeon Crawl Stone Soup version 0.25.1-11-g244df3a29b (webtiles) character file.

Game seed: 10014096160112541786

942 tkbsonic5 the Sneak (level 7, 0/60 HPs)
             Began as a Deep Dwarf Wizard on Apr 10, 2023.
             Slain by an iguana (2 damage)
             ... on level 6 of the Dungeon.
             The game lasted 00:59:53 (10025 turns).

tkbsonic5 the Sneak (Deep Dwarf Wizard)            Turns: 10025, Time: 00:59:54

Health: 0/60       AC:  5    Str:  8 (11) XL:     7   Next: 88%
Magic:  14/18 (9)  EV: 11    Int: 17 (20) God:
Gold:   297        SH:  0    Dex:  9 (11) Spells: 4/12 levels left

rFire    . . .     SeeInvis .   q - +1 dagger (drain)
rCold    . . .     Gourm    .   (no shield)
rNeg     . . .     Faith    .   a - +0 robe {Yoga Pants}
rPois    .         Spirit   .   d - +2 hat
rElec    .         Reflect  .   (no cloak)
rCorr    .         Harm     .   (no gloves)
MR       +....                  e - +0 pair of boots
Stlth    ++........             j - amulet of inaccuracy (curse) {ADHD}
HPRegen  0.00/turn              x - ring of magical power
MPRegen  0.16/turn              (no ring)

@: berserk cooldown, very slightly contaminated, non-regenerating, slowed,
heavily drained, very slow
A: damage resistance, heal wounds, sense surroundings 1, no regeneration
a: Heal Wounds


You were on level 6 of the Dungeon.
You were not hungry.

You visited 1 branch of the dungeon, and saw 6 of its levels.

You collected 297 gold pieces.

Inventory:

Hand Weapons
 b - a +0 spear
 c - a +0 dagger
 g - a +0 whip
 k - a +1 whip of venom
 m - a +0 mace
 o - a +0 hunting sling
 q - a +1 dagger of draining (weapon)
 r - a +1 dagger of speed
 t - a +0 hand axe
 w - a +0 battleaxe of flaming
 y - a +0 mace of protection
 z - a +0 dagger of electrocution
 D - a +0 war axe
Missiles
 l - 36 poisoned darts (quivered)
Armour
 a - a +0 robe (worn) {Yoga Pants}
 d - a +2 hat (worn)
 e - a +0 pair of boots (worn)
 i - a +0 helmet
 n - a +0 plate armour
 p - a +0 scale mail
 s - a +0 ring mail
 u - a +0 leather armour
 v - a +0 buckler of fire resistance
Jewellery
 j - a cursed amulet of inaccuracy (around neck) {ADHD}
 x - a ring of magical power (left hand)
Wands
 f - a wand of digging (7)
 B - a wand of iceblast (12)
 C - a wand of flame (10)
Potions
 E - 2 potions of curing
Comestibles
 h - a ration


   Skills:
 * Level 2.3(0.0) Fighting
 - Level 0.2(0.0) Short Blades
 - Level 0.7(0.0) Axes
 - Level 1.6(0.0) Maces & Flails
 - Level 0.3(0.0) Polearms
 - Level 0.6(0.0) Throwing
 - Level 2.3(0.0) Armour
 * Level 3.4(1.0) Dodging
 * Level 4.1(1.8) Stealth
 - Level 0.6(0.0) Unarmed Combat
 * Level 3.4(1.1) Spellcasting
 * Level 2.3(0.1) Conjurations
   Level 0.5(0.0) Hexes
 + Level 2.2(0.0) Summonings
 + Level 2.8(0.5) Translocations
 + Level 1.3(0.0) Air Magic
 + Level 1.8(0.0) Poison Magic
 * Level 2.5(0.2) Evocations


You had 4 spell levels left.
You knew the following spells:

 Your Spells              Type           Power        Failure   Level  Hunger
a - Magic Dart            Conj           #...         21%         1    ##.....
b - Call Imp              Summ           #.......     32%         2    ###....
d - Blink                 Tloc           N/A          26%         2    ###....
e - Mephitic Cloud        Conj/Pois/Air  #.......     54%         3    ####...

Your spell library contained the following spells:

 Spells                   Type           Power        Failure   Level  Hunger
 Slow                     Hex            #.......     32%         2    ###....
 Conjure Flame            Conj/Fire      #.......     52%         3    ####...


Dungeon Overview and Level Annotations

Branches:
Dungeon (6/15)
 Temple: D:4-7

Altars:
Elyvilon

Annotations:
D:6 3 runed translucent doors, roflc0ptic's ghost, novice OpTm


Innate Abilities, Weirdness & Mutations

You are resistant to damage.
You can heal yourself by infusing magical energy.
You passively map a small area around you.
You do not regenerate.


Message History

The iguana is severely wounded.
You are no longer berserk.
You are exhausted.
You feel yourself slow down. The iguana bites you.
* * * LOW HITPOINT WARNING * * *
You miss the iguana.
The iguana is severely wounded.
The iguana bites you.
* * * LOW HITPOINT WARNING * * *
Casting: Magic Dart (safe; 21% risk of failure)
Confirm with . or Enter, or press ? or * to list all spells.
You blink.
The iguana bites you but does no damage.
The iguana barely misses you.
Casting: Blink (dangerous; 26% risk of failure)
Confirm with . or Enter, or press ? or * to list all spells.
You miscast Blink.
You are very lightly contaminated with residual magic.
Nothing appears to happen.
The iguana bites you.
You die...

#.# ##'##.#### #.#
#.##.#
#<###########.##.#
#.##..........##.#
#.##.#######...#.####
#.##.######..........
#.##.......#...####.#
#.##..##............#
#...@....#.#..#######
####.l####.#..#
#.ยง####.#..#
#..........#
##########.#
#.####### #....#.#.
#######
######[####...
#.....#
#.........##).


You could see an iguana.

Vanquished Creatures
  2 ogres
  2 phantoms
  A scorpion (D:4)
  A wight (D:5)
  A hound (D:2)
  An orc priest (D:4)
  4 orc wizards (D:5)
  2 iguanas (D:6)
  5 adders
  An adder zombie (D:5)
  3 leopard geckos
  7 orcs
  2 ball pythons
  4 giant cockroaches
  11 goblins
  7 hobgoblins
  2 jackals
  9 kobolds
  A quokka (D:3)
  6 bats
  6 frilled lizards
  6 rats
84 creatures vanquished.

Vanquished Creatures (collateral kills)
  An ice beast (D:6)
  A bullfrog (D:6)
  A scorpion (D:5)
  A crimson imp (D:6)
  3 orc wizards
  Robin (D:2)
  3 gnolls (D:6)
  2 adders (D:3)
  An ooze (D:1)
  2 worms (D:3)
  2 leopard geckos (D:3)
  9 orcs
  A giant cockroach (D:3)
  4 goblins
  5 hobgoblins
  2 jackals
  4 quokkas
  4 frilled lizards
  A kobold (D:3)
  5 rats
53 creatures vanquished.

Grand Total: 137 creatures vanquished

Notes
Turn   | Place    | Note
-------+----------+-------------------------------------------
     0 | D:1      | tkbsonic5 the Deep Dwarf Wizard began the quest for the
                  | Orb.
     0 | D:1      | Reached XP level 1. HP: 15/15 MP: 4/4
   179 | D:1      | Reached skill level 1 in Conjurations
   334 | D:1      | Reached XP level 2. HP: 22/22 MP: 2/5
   444 | D:1      | Learned a level 2 spell: Call Imp
   447 | D:1      | Learned a level 2 spell: Slow
   791 | D:1      | Reached skill level 1 in Summonings
  1260 | D:2      | Reached XP level 3. HP: 19/30 MP: 0/7
  1265 | D:2      | Learned a level 2 spell: Blink
  1591 | D:2      | Reached skill level 3 in Stealth
  1951 | D:2      | Reached skill level 1 in Fighting
  1993 | D:2      | Noticed Robin
  2670 | D:2      | Killed Robin
  2824 | D:2      | Reached skill level 1 in Armour
  2824 | D:2      | Reached XP level 4. HP: 34/38 MP: 0/7
  5169 | D:3      | Reached XP level 5. HP: 34/44 MP: 2/8
  5503 | D:3      | Learned a level 3 spell: Mephitic Cloud
  6196 | D:4      | Noticed an ogre
  6845 | D:4      | Noticed a phantom
  6846 | D:4      | Reached skill level 1 in Evocations
  6846 | D:4      | Reached XP level 6. HP: 52/52 MP: 9/9
  7238 | D:4      | Reached skill level 1 in Maces & Flails
  7372 | D:4      | Reached skill level 1 in Poison Magic
  7671 | D:5      | Entered Level 5 of the Dungeon
  7909 | D:5      | Reached XP level 7. HP: 28/60 MP: 1/10
  7918 | D:5      | Reached skill level 1 in Air Magic
  8127 | D:5      | Found a white marble altar of Elyvilon.
  8841 | D:6      | Reached skill level 4 in Stealth
  9965 | D:6      | Found a runed translucent gate.
  9966 | D:6      | Found a runed translucent gate.
  9966 | D:6      | Found a runed translucent gate.
  9968 | D:6      | Noticed roflc0ptic's ghost (novice OpTm)
 10023 | D:6      | HP: 2/60 [iguana (4)]
 10025 | D:6      | Slain by an iguana

Illustrated notes

Levels and vault maps discovered:
D:1:      heliophobic_arrival_battle_scene, layout_basic, serial_glass,
          glass_columns_b, glass_columns_a, glass_columns_b, glass_columns_a,
          serial_bayou_lake_a
D:2:      layout_basic, uniq_robin
D:3:      layout_basic, serial_co_window_serial, co_window_paths_a,
          co_window_corner_a, co_window_paths_a, co_window_corner_a,
          co_window_paths_a, co_window_2corner, co_window_paths_c,
          co_window_unsneaky_path_d, co_window_2corner, co_window_2corner,
          co_window_paths_c, co_window_4corner_b, glass_columns_c, first_ration,
          minmay_fountain_box
D:4:      layout_basic
D:5:      layout_basic, temple_statues, portal_sewer_entry_e,
          small_statue_intersection, elyvilon_altar_5
D:6:      layout_loops_corners, gammafunk_ghost_necromancy

Skill      XL: |  1  2  3  4  5  6  7 |
---------------+----------------------+-----
Conjurations   | 1 2 |  2.3
Summonings     | 1 2 |  2.2
Stealth        | 3 4 |  4.1
Fighting       | 1 2 |  2.3
Armour         | 1 2 |  2.3
Spellcasting   | 3 |  3.4
Translocations | 2 |  2.8
Evocations     | 1 2 |  2.5
Maces & Flails | 1 |  1.6
Dodging        | 3 |  3.4
Poison Magic   | 1 |  1.8
Air Magic      | 1 |  1.3
Short Blades   | |  0.2
Axes           | |  0.7
Polearms       | |  0.3
Throwing       | |  0.6
Unarmed Combat | |  0.6
Hexes          | |  0.5

Action                   |  1- 3 |  4- 6 |  7- 9 || total
-------------------------+-------+-------+-------++-------
Melee: Unarmed           |    32 |       |       ||    32
       Dagger            |    37 |       |   111 ||   148
       Whip              |    27 |    70 |    47 ||   144
       Spear             |       |    40 |       ||    40
       Mace              |       |       |    83 ||    83
       Battleaxe         |       |       |    17 ||    17
Throw: Dart              |    20 |    49 |     7 ||    76
 Cast: Magic Dart        |    60 |    53 |    21 ||   134
       Call Imp          |    11 |    55 |    45 ||   111
       Slow              |     6 |     4 |       ||    10
       Blink             |     2 |     5 |    10 ||    17
 Abil: Heal Wounds       |     3 |     3 |     8 ||    14
Evoke: Wand              |       |    22 |    12 ||    34
  Use: Potion            |     1 |     6 |     2 ||     9
       Scroll            |     1 |     2 |     3 ||     6
 Stab: Sleeping          |     3 |       |       ||     3
       Distracted        |       |     1 |       ||     1
       Paralysed         |       |     5 |       ||     5
  Eat: Chunk             |     2 |    13 |     3 ||    18
       Ration            |     2 |     2 |     3 ||     7
Armor: Robe              |    20 |    15 |     1 ||    36
       Leather armour    |       |    11 |    86 ||    97
Dodge: Dodged            |    75 |    61 |   175 ||   311
